MLB
OAKLAND ATHLETICS @ BOSTON RED SOX
07/04/2041
 
TOP OF THE 1ST
Oakland Athletics batting - Pitching for Boston Red Sox : RHP Raúl Chávez
Pitching: RHP Raúl Chávez
Batting: RHB Cecilio Kendall 0-0: Swinging Strike
0-1: Foul Ball, location: 3F
0-2: Foul Ball, location: 2F
0-2: Ball
1-2: Fly out, F9 (Flyball, 9, EV 76.3 MPH)
Batting: LHB Jesús Cantú 0-0: Called Strike
0-1: Called Strike
0-2: Ball
1-2: Strikes out swinging
Batting: RHB Jeremy Johnson 0-0: Called Strike
0-1: Swinging Strike
0-2: Foul Ball, location: 2F
0-2: Ball
1-2: Foul Ball, location: 23F
1-2: Strikes out swinging
Top of the 1st over - 0 runs, 0 hits, 0 errors, 0 left on base; Oakland 0 - Boston 0
BOTTOM OF THE 1ST
Boston Red Sox batting - Pitching for Oakland Athletics : LHP Tim Lewis
Pitching: LHP Tim Lewis
Batting: RHB Juan Ávila 0-0: Called Strike
0-1: Ball
1-1: Foul Ball, location: 9LMF
1-2: Ball
2-2: Ball
3-2: SINGLE (Line Drive, 56, EV 110.0 MPH)
Batting: RHB Juan Serrato 0-0: Called Strike
0-1: Ball
1-1: Grounds into double play, 5-4-3 (Groundball, 56S, EV 81.9 MPH)
Batting: RHB António Negrón 0-0: Called Strike
0-1: Ball
1-1: Swinging Strike
1-2: Foul Ball, location: 2F
1-2: Foul Ball, location: 5F
1-2: Strikes out looking
Bottom of the 1st over - 0 runs, 1 hit, 0 errors, 0 left on base; Oakland 0 - Boston 0
TOP OF THE 2ND
Oakland Athletics batting - Pitching for Boston Red Sox : RHP Raúl Chávez
Batting: RHB Devin Hogan 0-0: Swinging Strike
0-1: Ball
1-1: Swinging Strike
1-2: DOUBLE (Line Drive, 9LS, EV 95.6 MPH)
Batting: RHB Luis García 0-0: Ball
1-0: Called Strike
1-1: DOUBLE (Line Drive, 89M, EV 101.3 MPH)
Devin Hogan scores
Batting: RHB Eric Davis 0-0: Called Strike
0-1: Foul Ball, location: 9LDF
0-2: Ball
1-2: Fly out, F7 (Flyball, 7D, EV 84.4 MPH)
Runner from 2nd tags up, SAFE at 3rd, no throw by LF
Batting: SHB Jorge Montáñez 0-0: Ball
1-0: Ball
2-0: Ball
3-0: Called Strike
3-1: Base on Balls
Batting: RHB Héctor González 0-0: Ball
1-0: Ball
2-0: Fly out, F5 (Popup, 5S, EV 66.3 MPH)
Batting: RHB David Álvarez 0-0: Foul Ball, location: 5F
0-1: Ball
1-1: Called Strike
1-2: Ball
2-2: Strikes out swinging
Top of the 2nd over - 1 run, 2 hits, 0 errors, 2 left on base; Oakland 1 - Boston 0
BOTTOM OF THE 2ND
Boston Red Sox batting - Pitching for Oakland Athletics : LHP Tim Lewis
Batting: RHB José Morales 0-0: Ball
1-0: DOUBLE (Line Drive, 89M, EV 90.0 MPH)
Batting: LHB Derek Orby 0-0: Foul Ball, location: 23F
0-1: 2-RUN HOME RUN (Flyball, 89XD, EV 110.6 MPH), Distance : 442 ft
Batting: RHB Ignacio Villalobos 0-0: Ball
1-0: Swinging Strike
1-1: Called Strike
1-2: Ball
2-2: Ball
3-2: Foul Ball, location: 5F
3-2: Ground out 5-3 (Groundball, 56, EV 106.9 MPH)
Batting: SHB Danny Walker 0-0: Ball
1-0: Called Strike
1-1: Ball
2-1: Foul Ball, location: 3F
2-2: Ball
3-2: Foul Ball, location: 9LMF
3-2: Ground out 6-3 (Groundball, 6, EV 96.9 MPH)
Batting: LHB Abel Scott 0-0: Ball
1-0: Fly out, F7 (Flyball, 7S, EV 81.3 MPH)
Bottom of the 2nd over - 2 runs, 2 hits, 0 errors, 0 left on base; Oakland 1 - Boston 2
TOP OF THE 3RD
Oakland Athletics batting - Pitching for Boston Red Sox : RHP Raúl Chávez
Batting: RHB Cecilio Kendall 0-0: Ball
1-0: Ground out 3-1 (Groundball, 34, EV 86.3 MPH)
Batting: LHB Jesús Cantú 0-0: Ball
1-0: Ball
2-0: Swinging Strike
2-1: Swinging Strike
2-2: Strikes out swinging
Batting: RHB Jeremy Johnson 0-0: Ball
1-0: Foul Ball, location: 23F
1-1: Ball
2-1: Ground out 5-3 (Groundball, 56, EV 85.6 MPH)
Top of the 3rd over - 0 runs, 0 hits, 0 errors, 0 left on base; Oakland 1 - Boston 2
BOTTOM OF THE 3RD
Boston Red Sox batting - Pitching for Oakland Athletics : LHP Tim Lewis
Batting: RHB Luis Cortéz 0-0: Foul Ball, location: 2F
0-1: Fly out, F9 (Flyball, 89M, EV 83.8 MPH)
Batting: RHB Juan Ávila 0-0: Ball
1-0: Ball
2-0: Swinging Strike
2-1: Foul Ball, location: 2F
2-2: Ball
3-2: Strikes out swinging
Batting: RHB Juan Serrato 0-0: Called Strike
0-1: Foul Ball, location: 2F
0-2: Ball
1-2: Strikes out swinging
Bottom of the 3rd over - 0 runs, 0 hits, 0 errors, 0 left on base; Oakland 1 - Boston 2
TOP OF THE 4TH
Oakland Athletics batting - Pitching for Boston Red Sox : RHP Raúl Chávez
Batting: RHB Devin Hogan 0-0: Ball
1-0: SINGLE (Groundball, 6MD, EV 95.0 MPH)
Batting: RHB Luis García 0-0: Ball
1-0: Foul Ball, location: 2F
1-1: Foul Ball, location: 5FF
1-2: Foul Ball, location: 2F
1-2: Fly out, F8 (Flyball, 8LM, EV 94.4 MPH)
Batting: RHB Eric Davis 0-0: Foul Ball, location: 2F
0-1: Ball
1-1: Ball
2-1: Swinging Strike
2-2: Ball
3-2: Strikes out swinging
Batting: SHB Jorge Montáñez 0-0: Called Strike
0-1: Ground out 1-3 (Groundball, 13S, EV 63.1 MPH)
Top of the 4th over - 0 runs, 1 hit, 0 errors, 1 left on base; Oakland 1 - Boston 2
BOTTOM OF THE 4TH
Boston Red Sox batting - Pitching for Oakland Athletics : LHP Tim Lewis
Batting: RHB António Negrón 0-0: Ground out 6-3 (Groundball, 6, EV 82.5 MPH)
Batting: RHB José Morales 0-0: Ball
1-0: Called Strike
1-1: Called Strike
1-2: Ball
2-2: Ground out 4-3 (Groundball, 34D, EV 101.3 MPH)
Batting: LHB Derek Orby 0-0: Foul Ball, location: 7LDF
0-1: Foul Ball, location: 23FF
0-2: SOLO HOME RUN (Flyball, 78XD, EV 108.8 MPH), Distance : 416 ft
Batting: RHB Ignacio Villalobos 0-0: Called Strike
0-1: Fly out, F8 (Flyball, 8LM, EV 78.8 MPH)
Bottom of the 4th over - 1 run, 1 hit, 0 errors, 0 left on base; Oakland 1 - Boston 3
TOP OF THE 5TH
Oakland Athletics batting - Pitching for Boston Red Sox : RHP Raúl Chávez
Batting: RHB Héctor González 0-0: Swinging Strike
0-1: Called Strike
0-2: Foul Ball, location: 5F
0-2: Strikes out looking
Batting: RHB David Álvarez 0-0: Ball
1-0: Called Strike
1-1: Ball
2-1: Ball
3-1: Foul Ball, location: 9LMF
3-2: Strikes out swinging
Batting: RHB Cecilio Kendall 0-0: Ball
1-0: Ball
2-0: Fly out, F8 (Line Drive, 8RM, EV 93.1 MPH)
Top of the 5th over - 0 runs, 0 hits, 0 errors, 0 left on base; Oakland 1 - Boston 3
BOTTOM OF THE 5TH
Boston Red Sox batting - Pitching for Oakland Athletics : LHP Tim Lewis
Batting: SHB Danny Walker 0-0: Ball
1-0: Ball
2-0: Foul Ball, location: 25FF
2-1: Ball
3-1: Base on Balls
Batting: LHB Abel Scott 0-0: SINGLE (Line Drive, 56, EV 95.0 MPH)
Danny Walker to second
Batting: RHB Luis Cortéz 0-0: Bunted foul
0-1: Bunted foul
0-2: Strikes out looking
Batting: RHB Juan Ávila 0-0: Called Strike
0-1: Ball
1-1: Called Strike
1-2: Ball
2-2: Foul Ball, location: 2F
2-2: Foul Ball, location: 5F
2-2: Foul Ball, location: 2F
2-2: Ball
3-2: Fielders Choice at 2nd, 1-4 (Groundball, P, EV 75.6 MPH)
Danny Walker to third
Batting: RHB Juan Serrato 0-0: Ball
1-0: Foul Ball, location: 5DF
1-1: Ground out 4-3 (Groundball, 34, EV 98.8 MPH)
Bottom of the 5th over - 0 runs, 1 hit, 0 errors, 2 left on base; Oakland 1 - Boston 3
TOP OF THE 6TH
Oakland Athletics batting - Pitching for Boston Red Sox : RHP Raúl Chávez
Batting: LHB Jesús Cantú 0-0: Ball
1-0: Ball
2-0: Swinging Strike
2-1: Foul Ball, location: 7LMF
2-2: SINGLE (Groundball, 4MD, EV 98.1 MPH)
Batting: RHB Jeremy Johnson 0-0: Swinging Strike
0-1: Ball
1-1: DOUBLE (Flyball, 78D, EV 110.0 MPH)
Jesús Cantú to third
Batting: RHB Devin Hogan 0-0: Called Strike
0-1: Foul Ball, location: 5FF
0-2: Foul Ball, location: 2RF
0-2: Ball
1-2: Strikes out swinging
Batting: RHB Luis García 0-0: Ball
1-0: Ball
2-0: Swinging Strike
2-1: Ball
3-1: Base on Balls
Batting: RHB Eric Davis 0-0: Called Strike
0-1: SINGLE (Groundball, 56D, EV 105.6 MPH)
Jesús Cantú scores
Jeremy Johnson to third
Luis García to second
Runner from 3rd tries for Home, SAFE, throw by LF to home
Batting: SHB Jorge Montáñez 0-0: Ball
Wild Pitch!
Luis García to third
Eric Davis to second
1-0: Called Strike
1-1: Swinging Strike
1-2: Ball
2-2: Foul Ball, location: 3F
2-2: Fly out, F8 (Flyball, 8RXD, EV 95.6 MPH)
Runner from 3rd tags up, SCORES, no throw by CF
Eric Davis to third
Batting: RHB Héctor González 0-0: Called Strike
0-1: Ball
1-1: Ground out 5-3 (Groundball, 5, EV 106.9 MPH)
Top of the 6th over - 3 runs, 3 hits, 0 errors, 1 left on base; Oakland 4 - Boston 3
BOTTOM OF THE 6TH
Boston Red Sox batting - Pitching for Oakland Athletics : LHP Tim Lewis
Now at 2B: José Rodríguez
Now at SS: Cecilio Kendall
Batting: RHB António Negrón 0-0: Ball
1-0: Ball
2-0: Ball
3-0: Called Strike
3-1: Base on Balls
Batting: RHB José Morales 0-0: Called Strike
0-1: Grounds into double play, 6-4-3 (Groundball, 6, EV 100.0 MPH)
Batting: LHB Derek Orby 0-0: Called Strike
0-1: Called Strike
0-2: Ball
1-2: Foul Ball, location: 5FF
1-2: Ball
2-2: SINGLE (Line Drive, 8RS, EV 111.3 MPH)
Batting: RHB Ignacio Villalobos 0-0: Foul Ball, location: 2F
0-1: Ball
1-1: Foul Ball, location: 3F
1-2: Ground out U3 (Groundball, 3, EV 91.3 MPH)
Bottom of the 6th over - 0 runs, 1 hit, 0 errors, 1 left on base; Oakland 4 - Boston 3
TOP OF THE 7TH
Oakland Athletics batting - Pitching for Boston Red Sox : RHP Raúl Chávez
Pitching: RHP Eric Harrison
Batting: RHB David Álvarez 0-0: Ball
1-0: Ball
2-0: Foul Ball, location: 3SF
2-1: Ground out 4-3 (Groundball, 4, EV 106.3 MPH)
Batting: RHB Cecilio Kendall 0-0: Foul Ball, location: 2F
0-1: SINGLE (Line Drive, 78S, EV 102.5 MPH)
Batting: LHB Jesús Cantú 0-0: Ball
1-0: Called Strike
1-1: Called Strike
1-2: Strikes out swinging
Batting: RHB José Rodríguez 0-0: Ball
1-0: Fielders Choice at 2nd, 5-4 (Groundball, 5L, EV 85.0 MPH)
Top of the 7th over - 0 runs, 1 hit, 0 errors, 1 left on base; Oakland 4 - Boston 3
BOTTOM OF THE 7TH
Boston Red Sox batting - Pitching for Oakland Athletics : LHP Tim Lewis
Batting: SHB Danny Walker 0-0: Called Strike
0-1: Foul Ball, location: 25F
0-2: Foul Ball, location: 9LDF
0-2: Foul Ball, location: 2F
0-2: Foul Ball, location: 23F
0-2: Foul Ball, location: 2F
0-2: Ball
1-2: Strikes out swinging
Pitching: RHP Norm Roy
Batting: LHB Abel Scott 0-0: Ball
1-0: Ball
2-0: Foul Ball, location: 25F
2-1: Foul Ball, location: 23F
2-2: Ball
3-2: Foul Ball, location: 5SF
3-2: Foul Ball, location: 9LSF
3-2: Foul Ball, location: 2F
3-2: Foul Ball, location: 23F
3-2: Base on Balls
Batting: LHB Erwin Broomhead 0-0: Foul Ball, location: 7LSF
0-1: Ball
1-1: SINGLE (Line Drive, 9S, EV 110.0 MPH)
Abel Scott to second
Batting: RHB Juan Ávila 0-0: Grounds into double play, 6-4-3 (Groundball, 6, EV 101.3 MPH)
Bottom of the 7th over - 0 runs, 1 hit, 0 errors, 1 left on base; Oakland 4 - Boston 3
TOP OF THE 8TH
Oakland Athletics batting - Pitching for Boston Red Sox : RHP Eric Harrison
Batting: RHB Devin Hogan 0-0: Ball
1-0: Foul Ball, location: 3SF
1-1: Fly out, F7 (Flyball, 7, EV 91.3 MPH)
Batting: RHB Luis García 0-0: Ball
1-0: Foul Ball, location: 3DF
1-1: SINGLE (Groundball, 34D, EV 104.4 MPH)
Batting: RHB Eric Davis 0-0: Grounds into double play, 6-4-3 (Groundball, 6, EV 107.5 MPH)
Top of the 8th over - 0 runs, 1 hit, 0 errors, 0 left on base; Oakland 4 - Boston 3
BOTTOM OF THE 8TH
Boston Red Sox batting - Pitching for Oakland Athletics : RHP Norm Roy
Batting: RHB Juan Serrato 0-0: Foul Ball, location: 5FF
0-1: Ball
1-1: Ball
2-1: Ball
3-1: Ground out 4-3 (Groundball, 4, EV 111.3 MPH)
Batting: RHB António Negrón 0-0: SINGLE (Line Drive, 9LS, EV 100.6 MPH)
Batting: RHB José Morales 0-0: Ball
1-0: Ball
2-0: Called Strike
2-1: Called Strike
2-2: Fly out, F8 (Line Drive, 8RD, EV 97.5 MPH)
Batting: LHB Derek Orby 0-0: Ball
1-0: Fly out, F7 (Flyball, 7LSF, EV 90.6 MPH)
Bottom of the 8th over - 0 runs, 1 hit, 0 errors, 1 left on base; Oakland 4 - Boston 3
TOP OF THE 9TH
Oakland Athletics batting - Pitching for Boston Red Sox : RHP Eric Harrison
Batting: SHB Jorge Montáñez 0-0: Foul Ball, location: 2F
0-1: Called Strike
0-2: Ball
1-2: Foul Ball, location: 2F
1-2: Foul Ball, location: 3F
1-2: Foul Ball, location: 2F
1-2: Ball
2-2: Fly out, F5 (Popup, 5SF, EV 71.9 MPH)
Batting: RHB Héctor González 0-0: Ball
1-0: Called Strike
1-1: Foul Ball, location: 23F
1-2: Strikes out swinging
Batting: RHB David Álvarez 0-0: Ball
1-0: Swinging Strike
1-1: Ball
2-1: Ball
3-1: Fly out, F8 (Flyball, 78M, EV 90.0 MPH)
Top of the 9th over - 0 runs, 0 hits, 0 errors, 0 left on base; Oakland 4 - Boston 3
BOTTOM OF THE 9TH
Boston Red Sox batting - Pitching for Oakland Athletics : RHP Norm Roy
Now at 1B: Dane Edgar
Now in LF: Rob Bryant
Batting: RHB Ignacio Villalobos 0-0: SINGLE (Flyball, 89D, EV 92.5 MPH)
Batting: SHB Danny Walker 0-0: Ball
1-0: Swinging Strike
1-1: Fly out, F7 (Flyball, 7LD, EV 98.8 MPH)
Batting: LHB Abel Scott 0-0: Ball
1-0: Foul Ball, location: 7LMF
1-1: Ball
2-1: Foul Ball, location: 7LDF
2-2: Foul Ball, location: 7LMF
2-2: Ball
3-2: Strikes out swinging
Batting: LHB Erwin Broomhead 0-0: Ground out 4-3 (Groundball, 34S, EV 88.8 MPH)
Bottom of the 9th over - 0 runs, 1 hit, 0 errors, 1 left on base; Oakland 4 - Boston 3
Sunday, March 24th , 2024 - OOTP Baseball 24.10 Build 82